 Dungeon Crawl Stone Soup version 0.32-a0-18-g89e19f1974 (webtiles) character file.

Game seed: 8025309803994278787

776 bobo the Ruffian (level 7, -3/72 HPs)
             Began as an Octopode Shapeshifter on Jan 16, 2024.
             Was an Initiate of Gozag.
             Slain by Duvessa
             ... wielding a +2 vampiric rapier
              (10 damage)
             ... on level 5 of the Dungeon.
             The game lasted 00:10:39 (2974 turns).

bobo the Ruffian (Octopode Shapeshifter)            Turns: 2974, Time: 00:10:40

Health: -3/72      AC: 23    Str: 16    XL:     7   Next: 84%
Magic:  7/7        EV:  2    Int: 12    God:    Gozag
Gold:   339        SH:  0    Dex: 17    Spells: 5/6 levels left

rFire   . .          .
                       - Unarmed
rCold   . . .        (no shield)
rNeg    . . .        (helmet currently unavailable)
rPois   +            i - amulet of regeneration
rElec   .            m - ring of flight
rCorr   .            o - ring of willpower
SInv    .            p - +6 ring of dexterity
Will    +....        (no ring)
Stlth   ++           (no ring)
HPRegen 1.12/turn    (no ring)
MPRegen 0.10/turn    (no ring)
                     (no ring)

%: no passive effects
@: tree-form, gold aura
A: stationary, stasis, torment immunity, boosted hp, almost no armour,
(amphibious), 8 rings, (camouflage 1), (gelatinous body 1), (nimble swimmer 1),
(tentacles)
a: Renounce Religion, Potion Petition, Call Merchant, Bribe Branch


You were on level 5 of the Dungeon.
You worshipped Gozag.
Gozag was aware of your devotion.
You were a tree.
You visited 1 branch of the dungeon, and saw 5 of its levels.

You collected 377 gold pieces.
You paid 38 gold pieces to Gozag.

Inventory:

Missiles
 u - 10 stones (quivered)
Jewellery
 i - an amulet of regeneration (around neck)
 m - a ring of flight (left branch)
 o - a ring of willpower (right branch)
 p - a +6 ring of dexterity (on tentacle)
Talismans
 b - a beast talisman
 c - a flux talisman
Scrolls
 f - a scroll of acquirement {unknown}
 h - a scroll of enchant armour {unknown}
 k - a scroll of fog
 l - a scroll of revelation {unknown}
 q - a scroll of blinking
 r - a scroll of amnesia {unknown}
 t - a scroll of brand weapon {unknown}
Potions
 d - a potion of mutation
 e - 3 potions of curing
 g - a potion of invisibility {unknown}
 n - a potion of degeneration
 s - a potion of heal wounds {unknown}
 v - a potion of ambrosia {unknown}


   Skills:
 + Level 4.2 Fighting
 + Level 3.7 Throwing
 - Level 2.0 Dodging
 + Level 1.0 Stealth
 + Level 5.1 Unarmed Combat
 + Level 4.8 Shapeshifting


You had 5 spell levels left.
You knew the following spells:

 Your Spells              Type           Power      Damage    Failure   Level
a - Sandblast             Erth           0%         2d4       32%         1

Your spell library contained the following spells:

 Spells                   Type           Power      Damage    Failure   Level


Dungeon Overview and Level Annotations

Branches:
Dungeon (5/15)
 Temple: D:4-7

Altars:
Ashenzari
Elyvilon
Gozag
Makhleb
Okawaru
Sif Muna
Uskayaw
Vehumet

Annotations:
D:5 Duvessa


Innate Abilities, Weirdness & Mutations

You are a tree.
Your roots penetrate the ground, keeping you stationary.
You cannot be teleported.
You are immune to unholy pain and torment.
Your maximum health is greatly increased.
You cannot wear most types of armour.
((You are amphibious.))
You can wear up to eight rings at the same time.
((Your skin changes colour to match your surroundings (Stealth+).))
((Your rubbery body absorbs attacks. (AC +1, EV +1)))
((You are camouflaged when in or above water. (Stealth+)))
((You have tentacles for arms and can constrict up to eight enemies at once.))


Message History

You constrict Duvessa.
You kill Dowan!
Duvessa screams, "No!
How DARE you!"
Duvessa goes berserk!
Duvessa closely misses you.
Your Stealth skill increases to level 1!
You tentacle-slap Duvessa. You squeeze Duvessa, but do no damage.
Duvessa is heavily wounded.
You constrict Duvessa, but do no damage.
Duvessa completely misses you.
You tentacle-slap Duvessa. You squeeze Duvessa.
Duvessa is heavily wounded.
You constrict Duvessa. Duvessa barely misses you.
You tentacle-slap Duvessa but do no damage.
Duvessa is heavily wounded.
You constrict Duvessa. Duvessa closely misses you.
Duvessa hits you with a +2 vampiric rapier.
Duvessa draws strength from your wounds!
You barely miss Duvessa.
Duvessa is heavily wounded.
You constrict Duvessa.
Duvessa hits you with a +2 vampiric rapier!
* * * LOW HITPOINT WARNING * * *
Duvessa draws strength from your wounds!
You feel better.
You constrict Duvessa. Duvessa closely misses you.
Your transformation has ended.
You turn into a tree.
Your roots penetrate the ground.
You lose your grip on Duvessa.
Duvessa hits you with a +2 vampiric rapier!
* * * LOW HITPOINT WARNING * * *
Duvessa draws strength from your wounds!
Duvessa hits you but does no damage.
You closely miss Duvessa.
Duvessa is moderately wounded.
Duvessa hits you with a +2 vampiric rapier.
* * * LOW HITPOINT WARNING * * *
You completely miss Duvessa.
Duvessa is moderately wounded.
Duvessa hits you with a +2 vampiric rapier!
You die...
Your body crumbles into a pile of gold.

#e# # #.## #.# #(#
#..# #.# ##e## #
##.# #.# ##...##
#.##.###.# #..§..#
#........# ##§§§##
####.##### ##§##
#######.#
#.#####.####.......#
#....§.$e♣...#######
#######.###### #.#
#.# #.# #.# #.# ...
..#


You could see Duvessa (berserk).

Vanquished Creatures
  Sigmund (D:3)
  A water moccasin (D:5)
  A black bear (D:5)
  An ogre (D:5)
  A scorpion (D:4)
  Dowan (D:5)
  A bombardier beetle (D:4)
  An iguana (D:5)
  6 gnolls
  5 adders
  2 ribbon worms
  A dart slug (D:4)
  5 endoplasms
  3 giant cockroaches
  5 goblins
  3 hobgoblins
  6 quokkas
  9 ball pythons
  3 bats (D:1)
  2 frilled lizards (D:1)
  9 kobolds
  4 rats
71 creatures vanquished.

Notes
Turn   | Place    | Note
-------+----------+-------------------------------------------
     0 | D:1      | bobo the Octopode Shapeshifter began the quest for the Orb.
     0 | D:1      | Reached XP level 1. HP: 13/13 MP: 1/1
   100 | D:1      | Reached XP level 2. HP: 12/18 MP: 2/2
   454 | D:1      | Reached XP level 3. HP: 23/23 MP: 3/3
   780 | D:2      | Reached skill level 1 in Throwing
   842 | D:2      | Reached XP level 4. HP: 29/29 MP: 4/4
  1063 | D:2      | Found a faded altar of an unknown god.
  1071 | D:2      | Prayed at the altar of an unknown god.
  1071 | D:2      | Became a worshipper of Vehumet
  1071 | D:2      | Reached * piety under Vehumet
  1071 | D:2      | Offered knowledge of Sandblast by Vehumet.
  1430 | D:3      | Learned a level 1 spell: Sandblast
  1504 | D:3      | Found a broken altar of Ashenzari.
  1790 | D:3      | Noticed Sigmund
  1840 | D:3      | Killed Sigmund
  1841 | D:3      | Reached skill level 4 in Unarmed Combat
  1841 | D:3      | Reached XP level 5. HP: 25/36 MP: 5/5
  1841 | D:3      | Reached XP level 6. HP: 30/42 MP: 6/6
  1976 | D:3      | Found a hide-covered altar of Uskayaw.
  1979 | D:3      | Found a shimmering blue altar of Sif Muna.
  1982 | D:3      | Found a burning altar of Makhleb.
  1985 | D:3      | Found an opulent altar of Gozag.
  1989 | D:3      | Fell from the grace of Vehumet
  1989 | D:3      | Became a worshipper of Gozag Ym Sagoz the Greedy
  2076 | D:4      | Found a radiant altar of Vehumet.
  2142 | D:4      | Found a white marble altar of Elyvilon.
  2245 | D:4      | Found an iron altar of Okawaru.
  2603 | D:5      | Entered Level 5 of the Dungeon
  2604 | D:5      | Noticed a black bear
  2613 | D:5      | Killed a black bear
  2614 | D:5      | Reached XP level 7. HP: 47/47 MP: 7/7
  2654 | D:5      | Reached skill level 5 in Unarmed Combat
  2945 | D:5      | Noticed Duvessa
  2945 | D:5      | Noticed Dowan
  2966 | D:5      | Killed Dowan
  2967 | D:5      | Reached skill level 1 in Stealth
  2974 | D:5      | Slain by Duvessa

Illustrated notes

Levels and vault maps discovered:
D:1:      dpeg_arrival_pits, layout_loops_ring, st_stairs_10
D:2:      wad_woods_tower, layout_basic, shapermc_ecumenical_altar_pompeii
D:3:      layout_rooms, grunt_temple_overflow_cloverleaf, lemuel_tele_altar,
          uniq_sigmund
D:4:      layout_rooms, nicolae_overflow_crystal_walls,
          mainiacjoe_overflow_concentric_impassable, vehumet_crystals
D:5:      layout_loops_corners, minmay_temple_entry_glassed_door,
          nicolae_elemental_shop, chequers_serial_rivers_micro_a, uniq_duvessa

Skill      XL: |  1  2  3  4  5  6  7 |
---------------+----------------------+-----
Fighting       | 2 3 4 |  4.2
Throwing       | 1 2 3 |  3.7
Unarmed Combat | 4 5 |  5.1
Shapeshifting  | 4 |  4.8
Stealth        | 1 |  1.0
Dodging        | |  2.0

Action                     |  1- 3 |  4- 6 |  7- 9 || total
---------------------------+-------+-------+-------++-------
  Melee: Unarmed           |    53 |    36 |    22 ||   111
         Constrict         |    10 |    12 |     5 ||    27
         Tentacles         |     5 |     8 |     6 ||    19
         Punch             |       |     1 |     3 ||     4
  Throw: Boomerang         |    31 |    48 |       ||    79
         Stone             |     4 |     5 |       ||     9
         Dart              |       |     7 |    10 ||    17
   Cast: Sandblast         |       |     1 |       ||     1
    Use: Scroll            |       |     1 |     5 ||     6
         Potion            |       |       |     2 ||     2
 Armour: Skin              |    20 |    14 |    16 ||    50
  Dodge: Dodged            |    37 |    26 |    11 ||    74

Table legend: (Time is in decaauts)
 A = Elapsed time spent in this place.
 B = Non-inter-level travel time spent in this place.
 C = Inter-level travel time spent in this place.
 D = Time resting spent in this place.
 E = Time spent auto-exploring this place.
 F = Levels seen in this place.
 G = Mean time per level.
                   A        B        C        D        E       F      G
               +--------+--------+--------+--------+--------+-----+--------+
         Total |   2980 |   2848 |    132 |      0 |   2301 |   5 |  596.0 |
       Dungeon |   2980 |   2848 |    132 |      0 |   2301 |   5 |  596.0 |
               +--------+--------+--------+--------+--------+-----+--------+

Top non-repeatable levels by time:
     D:1: 727 daAuts
     D:2: 690 daAuts
     D:3: 668 daAuts
     D:4: 527 daAuts
     D:5: 366 daAuts
